 Dungeon Crawl Stone Soup version 0.21.1-1-g345015f (webtiles) character file.

5359 tidbits the Martial Artist (level 10, 0/76 HPs)
             Began as a Gnoll Transmuter on Feb 14, 2018.
             Was an Elder of Cheibriados.
             Slain by a yak (14 damage)
             ... on level 9 of the Dungeon.
             The game lasted 00:23:33 (2286 turns).

tidbits the Martial Artist (Gnoll Transmuter)       Turns: 2286, Time: 00:23:34

Health: 0/76       AC:  4    Str: 24    XL:     10   Next: 65%
Magic:  18/21      EV: 19    Int: 27    God:    Cheibriados [****..]
Gold:   321        SH:  0    Dex: 28    Spells: 8/23 levels left

rFire    . . .     SeeInvis +     - Unarmed
rCold    . . .     Gourm    .   (shield currently unavailable)
rNeg     . . .     Faith    .   B - +0 leather armour (curse)
rPois    .         Spirit   .   (no helmet)
rElec    .         Reflect  .   (no cloak)
rCorr    .         Harm     .   (gloves currently unavailable)
MR       .....                  F - +0 pair of boots
Stlth    ++++......             (no amulet)
HPRegen  0.62/turn              j - ring of see invisible
MPRegen  0.17/turn              u - +3 ring of dexterity

@: blade hands, very slow
A: distributed training, fangs 1, regeneration 1, strong 1, strong nose
a: End Transformation, Bend Time, Temporal Distortion, Slouch, Renounce Religion


You were on level 9 of the Dungeon.
You worshipped Cheibriados.
Cheibriados was greatly pleased with you.
You were hungry.
You had blades for hands.
You visited 2 branches of the dungeon, and saw 10 of its levels.

You collected 321 gold pieces.

Inventory:

Hand Weapons
 l - a +0 blowgun
 m - a +1 dagger of draining (melded)
   (You took it off an orc on level 4 of the Dungeon)
 p - a +0 dagger of protection
   (You took it off an orc wizard on level 5 of the Dungeon)
Missiles
 e - 8 tomahawks (quivered)
 o - 59 arrows
 s - 4 silver tomahawks
Armour
 i - a +0 shield
 q - a +0 ring mail of fire resistance
   (You took it off an orc on level 5 of the Dungeon)
 B - a cursed +0 leather armour (worn)
 F - a +0 pair of boots (worn)
 G - a +1 pair of gloves (melded)
Jewellery
 j - a ring of see invisible (left scythe-like blade)
   (You found it on level 1 of the Dungeon)
 u - a +3 ring of dexterity (right scythe-like blade)
   (You took it off an orc on level 6 of the Dungeon)
 w - an uncursed ring of positive energy
   (You found it on level 8 of the Dungeon)
Wands
 a - a wand of flame (14)
Scrolls
 b - a scroll of fear
 f - a scroll of blinking
 k - 3 scrolls of enchant armour
 n - a scroll of amnesia
 r - 2 scrolls of remove curse
Potions
 g - 3 potions of curing
 h - a potion of invisibility {unknown}
 t - a potion of brilliance
 v - a potion of mutation {!q}
 x - 2 potions of flight {unknown}
Books
 d - a book of Changes

   Spells                             Type                      Level
   a - Beastly Appendage              Transmutation                1
   b - Sticks to Snakes               Transmutation                2
   c - Spider Form                    Transmutation/Poison         3
   d - Ice Form                       Ice/Transmutation            4
   e - Blade Hands                    Transmutation                5
Comestibles
 c - 9 rations


   Skills:
 + Level 6.0 Fighting
 + Level 5.4 Short Blades
 + Level 5.4 Long Blades
 + Level 5.4 Axes
 + Level 5.4 Maces & Flails
 + Level 5.4 Polearms
 + Level 5.4 Staves
 + Level 5.4 Slings
 + Level 5.4 Bows
 + Level 5.4 Crossbows
 + Level 5.4 Throwing
 + Level 5.4 Armour
 + Level 7.1 Dodging
 + Level 5.4 Stealth
 + Level 5.4 Shields
 + Level 8.6 Unarmed Combat
 + Level 7.4 Spellcasting
 + Level 4.4 Conjurations
 + Level 4.4 Hexes
 + Level 4.4 Charms
 + Level 4.4 Summonings
 + Level 4.4 Necromancy
 + Level 4.4 Translocations
 + Level 5.9 Transmutations
 + Level 4.4 Fire Magic
 + Level 4.4 Ice Magic
 + Level 4.4 Air Magic
 + Level 4.4 Earth Magic
 + Level 4.4 Poison Magic
 + Level 5.9 Invocations
 + Level 5.4 Evocations


You had 8 spell levels left.
You knew the following spells:

 Your Spells              Type           Power        Failure   Level  Hunger
e - Beastly Appendage     Tmut           #####.       12%         1    None
h - Blade Hands           Tmut           #####.....   54%         5    ####...
i - Ice Form              Ice/Tmut       #####...     38%         4    ##.....
k - Sticks to Snakes      Tmut           #####...     14%         2    None
p - Spider Form           Tmut/Pois      #####.....   22%         3    None


Dungeon Overview and Level Annotations

Branches:
Dungeon (9/15)             Temple (1/1) D:4            Lair (0/6) D:8
    Orc: D:9-12

Altars:
Cheibriados
Kikubaaqudgha
Makhleb
Qazlal
Uskayaw
Vehumet


Innate Abilities, Weirdness & Mutations

Your experience applies equally to all skills.
You have very sharp teeth.
Your uncanny sense of smell can sniff out nearby items.
Your natural rate of healing is unusually fast.
Your muscles are strong. (Str +2)


Message History

You kill the gnoll!
Cheibriados thoroughly appreciates the change of pace.
The gnoll hits you from afar with a spear.
The gnoll barely misses you. The gnoll hits you with a spear!
Things that are here:
a spear; a gnoll corpse You slash the gnoll!
Your bite misses the gnoll.
The gnoll is severely wounded.
You completely miss the gnoll.
The gnoll is severely wounded.
The gnoll closely misses you.
You slash the gnoll!
You kill the gnoll!
Cheibriados thoroughly appreciates the change of pace.
Items here: ! ))) †††
g - 3 potions of curing (gained 1)
Things that are here:
a spear; a gnoll corpse You see here a spear.
Found a stone staircase leading up.
Your magical contamination has completely faded away.
There is a stone staircase leading up here.
Your transformation is almost over.
You climb upwards.
There is a stone staircase leading down here.
Unknown command.
You climb downwards.
There is a stone staircase leading up here.
Unknown command.
Your hands revert to their normal proportions.
Your +1 dagger of draining unmelds from your body.
Your +1 pair of gloves unmelds from your body.
You sense an unholy aura.
The alarm trap emits a blaring wail!
A sentinel's mark forms upon you.
You hear a shout!
Things that are here:
a yak corpse x2
There is a stone staircase leading down here.
You climb downwards.
There is a stone staircase leading up here.
Unknown command.
The sentinel's mark upon you fades away.
Unknown command.
The yak bellows! x2
Unknown command.
The yak completely misses you. The yak misses you. The yak gores you.
The yak barely misses you. The yak gores you! The yak misses you.
The yak barely misses you.
Casting: Blade Hands
Confirm with . or Enter, or press ? or * to list all spells.
Your hands turn into razor-sharp scythe blades.
Your +1 dagger of draining melds into your body.
Your +1 pair of gloves melds into your body.
The yak bellows!
You are feeling hungry.
The yak barely misses you.
You slice the yak!!
The yak is severely wounded.
You hear a bellow!
The yak gores you.
You hit the yak. Your bite misses the yak.
The yak is almost dead.
You hit the yak but do no damage.
The yak is almost dead.
The yak gores you!
You shred the yak!!!
You kill the yak!
Cheibriados thoroughly appreciates the change of pace.
Your Fighting skill increases to level 6!
You slice the yak!! Your bite misses the yak.
The yak is severely wounded.
The yak gores you!
You hit the yak. You bite the yak, but do no damage.
The yak is almost dead.
The yak misses you.
You slash the yak!
You kill the yak!
Cheibriados appreciates the change of pace.
The yak gores you! x2
* * * LOW HITPOINT WARNING * * *
You slash the yak! You bite the yak, but do no damage.
The yak is moderately wounded.
You slice the yak!!
The yak is almost dead.
The yak misses you. The yak gores you!
* * * LOW HITPOINT WARNING * * *
You slash the yak!
You kill the yak!
Cheibriados appreciates the change of pace.
You can now inflict damage on those overly hasty.
Cheibriados raises the support of your attributes as your movement slows.
The yak barely misses you.
You slice the yak!! You slash the yak, but do no damage.
You bite the yak, but do no damage.
The yak is heavily wounded.
The yak gores you!
You die...

#...#...............
#...#...............
#...########'#######
#...................
#..#..#.....####..##
#...................
#....^..............
#.Y##<.#....#..#...#
#..@................
################## #


You could see a yak.

Vanquished Creatures
  A two-headed ogre (D:9)
  The ghost of tidbits the Martial Artist, a novice GnTm of Cheibriados (D:8)
  A troll (D:9)
  A hippogriff (D:7)
  8 yaks
  A hungry ghost (D:8)
  4 porcupines (D:8)
  An ice beast (D:6)
  A phantom (D:6)
  2 sky beasts
  2 centaurs
  4 ogres
  2 crocodiles (D:8)
  A big kobold (D:8)
  2 bullfrogs
  A wyvern zombie (D:6)
  A howler monkey (D:4)
  A bullfrog zombie (D:6)
  4 crimson imps
  3 orc priests
  4 hounds
  5 orc wizards
  A centaur skeleton (D:8)
  A worker ant (D:8)
  A worker ant zombie (D:7)
  6 adders
  4 gnolls (D:8)
  A shadow imp (D:7)
  2 oozes
  An adder skeleton (D:8)
  2 dart slugs (D:1)
  3 leopard geckos
  29 orcs
  3 giant cockroaches
  4 hobgoblins
  6 jackals
  11 kobolds
  2 quokkas
  A ball python (D:1)
  A bat (D:2)
  7 frilled lizards
  3 goblins
  A leopard gecko skeleton (D:4)
  8 rats
149 creatures vanquished.

Vanquished Creatures (collateral kills)
  An orc priest (D:6)
  An orc wizard (D:6)
  3 orcs
  A jackal (D:6)
6 creatures vanquished.

Vanquished Creatures (others)
  A fungus (D:8)
  A plant (D:8)
2 creatures vanquished.

Grand Total: 157 creatures vanquished

Notes
Turn   | Place    | Note
-------+----------+-------------------------------------------
     0 | D:1      | tidbits the Gnoll Transmuter began the quest for the Orb.
     0 | D:1      | Reached XP level 1. HP: 17/17 MP: 6/6
    78 | D:1      | Reached XP level 2. HP: 15/23 MP: 5/7
    82 | D:1      | Learned a level 2 spell: Sticks to Snakes
   321 | D:2      | Reached XP level 3. HP: 17/28 MP: 9/9
   326 | D:2      | Learned a level 3 spell: Spider Form
   358 | D:2      | Reached skill level 5 in Spellcasting
   386 | D:3      | Noticed a bullfrog
   394 | D:3      | Killed a bullfrog
   394 | D:3      | Reached skill level 1 in Short Blades
   394 | D:3      | Reached skill level 1 in Long Blades
   394 | D:3      | Reached skill level 1 in Axes
   394 | D:3      | Reached skill level 1 in Maces & Flails
   394 | D:3      | Reached skill level 1 in Polearms
   394 | D:3      | Reached skill level 1 in Staves
   394 | D:3      | Reached skill level 1 in Slings
   394 | D:3      | Reached skill level 1 in Bows
   394 | D:3      | Reached skill level 1 in Crossbows
   394 | D:3      | Reached skill level 1 in Throwing
   394 | D:3      | Reached skill level 1 in Armour
   394 | D:3      | Reached skill level 1 in Stealth
   394 | D:3      | Reached skill level 1 in Shields
   394 | D:3      | Reached skill level 1 in Invocations
   394 | D:3      | Reached skill level 1 in Evocations
   394 | D:3      | Reached XP level 4. HP: 27/34 MP: 2/11
   400 | D:3      | Reached skill level 1 in Conjurations
   400 | D:3      | Reached skill level 1 in Hexes
   400 | D:3      | Reached skill level 1 in Charms
   400 | D:3      | Reached skill level 1 in Summonings
   400 | D:3      | Reached skill level 1 in Necromancy
   400 | D:3      | Reached skill level 1 in Translocations
   400 | D:3      | Reached skill level 1 in Fire Magic
   400 | D:3      | Reached skill level 1 in Ice Magic
   400 | D:3      | Reached skill level 1 in Air Magic
   400 | D:3      | Reached skill level 1 in Earth Magic
   400 | D:3      | Reached skill level 1 in Poison Magic
   400 | D:3      | Reached XP level 5. HP: 26/40 MP: 1/12
   472 | D:4      | Reached skill level 3 in Fighting
   472 | D:4      | Reached skill level 4 in Transmutations
   491 | D:4      | Reached skill level 2 in Invocations
   491 | D:4      | Reached XP level 6. HP: 33/47 MP: 2/13
   512 | D:4      | Reached skill level 5 in Dodging
   595 | D:3      | Reached skill level 2 in Short Blades
   595 | D:3      | Reached skill level 2 in Long Blades
   595 | D:3      | Reached skill level 2 in Axes
   595 | D:3      | Reached skill level 2 in Maces & Flails
   595 | D:3      | Reached skill level 2 in Polearms
   595 | D:3      | Reached skill level 2 in Staves
   595 | D:3      | Reached skill level 2 in Slings
   595 | D:3      | Reached skill level 2 in Bows
   595 | D:3      | Reached skill level 2 in Crossbows
   595 | D:3      | Reached skill level 2 in Throwing
   595 | D:3      | Reached skill level 2 in Armour
   595 | D:3      | Reached skill level 2 in Stealth
   595 | D:3      | Reached skill level 2 in Shields
   595 | D:3      | Reached skill level 2 in Evocations
   765 | D:4      | Found a staircase to the Ecumenical Temple.
   785 | Temple   | Entered the Ecumenical Temple
   796 | Temple   | Became a worshipper of Cheibriados the Contemplative
   928 | D:5      | Entered Level 5 of the Dungeon
  1000 | D:5      | Found a radiant altar of Vehumet.
  1014 | D:5      | Reached XP level 7. HP: 39/52 MP: 10/15
  1061 | D:5      | Reached skill level 7 in Unarmed Combat
  1189 | D:5      | Reached skill level 2 in Conjurations
  1189 | D:5      | Reached skill level 2 in Hexes
  1189 | D:5      | Reached skill level 2 in Charms
  1189 | D:5      | Reached skill level 2 in Summonings
  1189 | D:5      | Reached skill level 2 in Necromancy
  1189 | D:5      | Reached skill level 2 in Translocations
  1189 | D:5      | Reached skill level 2 in Fire Magic
  1189 | D:5      | Reached skill level 2 in Ice Magic
  1189 | D:5      | Reached skill level 2 in Air Magic
  1189 | D:5      | Reached skill level 2 in Earth Magic
  1189 | D:5      | Reached skill level 2 in Poison Magic
  1291 | D:6      | Reached * piety under Cheibriados
  1331 | D:6      | Reached skill level 3 in Invocations
  1341 | D:7      | Noticed a hippogriff
  1358 | D:6      | Reached XP level 8. HP: 60/60 MP: 10/16
  1418 | D:6      | Reached skill level 4 in Fighting
  1418 | D:6      | Reached skill level 3 in Short Blades
  1418 | D:6      | Reached skill level 3 in Long Blades
  1418 | D:6      | Reached skill level 3 in Axes
  1418 | D:6      | Reached skill level 3 in Maces & Flails
  1418 | D:6      | Reached skill level 3 in Polearms
  1418 | D:6      | Reached skill level 3 in Staves
  1418 | D:6      | Reached skill level 3 in Slings
  1418 | D:6      | Reached skill level 3 in Bows
  1418 | D:6      | Reached skill level 3 in Crossbows
  1418 | D:6      | Reached skill level 3 in Throwing
  1418 | D:6      | Reached skill level 3 in Armour
  1418 | D:6      | Reached skill level 3 in Stealth
  1418 | D:6      | Reached skill level 3 in Shields
  1418 | D:6      | Reached skill level 3 in Evocations
  1561 | D:6      | Found a stormy altar of Qazlal.
  1574 | D:6      | Reached skill level 6 in Spellcasting
  1611 | D:6      | Reached ** piety under Cheibriados
  1673 | D:7      | Killed a hippogriff
  1684 | D:7      | Gained mutation: Your muscles are strong. (Str +2) [potion of mutation]
  1684 | D:7      | Gained mutation: Your natural rate of healing is unusually fast. [potion of mutation]
  1691 | D:7      | Reached skill level 3 in Conjurations
  1691 | D:7      | Reached skill level 3 in Hexes
  1691 | D:7      | Reached skill level 3 in Charms
  1691 | D:7      | Reached skill level 3 in Summonings
  1691 | D:7      | Reached skill level 3 in Necromancy
  1691 | D:7      | Reached skill level 3 in Translocations
  1691 | D:7      | Reached skill level 3 in Fire Magic
  1691 | D:7      | Reached skill level 3 in Ice Magic
  1691 | D:7      | Reached skill level 3 in Air Magic
  1691 | D:7      | Reached skill level 3 in Earth Magic
  1691 | D:7      | Reached skill level 3 in Poison Magic
  1691 | D:7      | Reached skill level 4 in Invocations
  1740 | D:9      | Noticed a troll
  1753 | D:9      | Killed a troll
  1753 | D:9      | Reached skill level 6 in Dodging
  1753 | D:9      | Reached skill level 5 in Transmutations
  1753 | D:9      | Reached XP level 9. HP: 22/66 MP: 13/18
  1784 | D:8      | Noticed tidbits's ghost (novice GnTm)
  1793 | D:8      | Killed tidbits's ghost
  1793 | D:8      | Reached skill level 5 in Fighting
  1793 | D:8      | Reached skill level 4 in Short Blades
  1793 | D:8      | Reached skill level 4 in Long Blades
  1793 | D:8      | Reached skill level 4 in Axes
  1793 | D:8      | Reached skill level 4 in Maces & Flails
  1793 | D:8      | Reached skill level 4 in Polearms
  1793 | D:8      | Reached skill level 4 in Staves
  1793 | D:8      | Reached skill level 4 in Slings
  1793 | D:8      | Reached skill level 4 in Bows
  1793 | D:8      | Reached skill level 4 in Crossbows
  1793 | D:8      | Reached skill level 4 in Throwing
  1793 | D:8      | Reached skill level 4 in Armour
  1793 | D:8      | Reached skill level 4 in Stealth
  1793 | D:8      | Reached skill level 4 in Shields
  1793 | D:8      | Reached skill level 4 in Evocations
  1831 | D:9      | Noticed a two-headed ogre
  1845 | D:9      | Killed a two-headed ogre
  1845 | D:9      | Reached skill level 8 in Unarmed Combat
  1845 | D:9      | Reached skill level 5 in Invocations
  1903 | D:8      | Reached *** piety under Cheibriados
  1925 | D:8      | Reached skill level 7 in Spellcasting
  1925 | D:8      | Reached XP level 10. HP: 74/74 MP: 15/20
  1933 | D:8      | Learned a level 4 spell: Ice Form
  1939 | D:8      | Learned a level 5 spell: Blade Hands
  1952 | D:8      | Reached skill level 4 in Conjurations
  1952 | D:8      | Reached skill level 4 in Hexes
  1952 | D:8      | Reached skill level 4 in Charms
  1952 | D:8      | Reached skill level 4 in Summonings
  1952 | D:8      | Reached skill level 4 in Necromancy
  1952 | D:8      | Reached skill level 4 in Translocations
  1952 | D:8      | Reached skill level 4 in Fire Magic
  1952 | D:8      | Reached skill level 4 in Ice Magic
  1952 | D:8      | Reached skill level 4 in Air Magic
  1952 | D:8      | Reached skill level 4 in Earth Magic
  1952 | D:8      | Reached skill level 4 in Poison Magic
  2091 | D:8      | Reached skill level 5 in Short Blades
  2091 | D:8      | Reached skill level 5 in Long Blades
  2091 | D:8      | Reached skill level 5 in Axes
  2091 | D:8      | Reached skill level 5 in Maces & Flails
  2091 | D:8      | Reached skill level 5 in Polearms
  2091 | D:8      | Reached skill level 5 in Staves
  2091 | D:8      | Reached skill level 5 in Slings
  2091 | D:8      | Reached skill level 5 in Bows
  2091 | D:8      | Reached skill level 5 in Crossbows
  2091 | D:8      | Reached skill level 5 in Throwing
  2091 | D:8      | Reached skill level 5 in Armour
  2091 | D:8      | Reached skill level 5 in Stealth
  2091 | D:8      | Reached skill level 5 in Shields
  2091 | D:8      | Reached skill level 5 in Evocations
  2099 | D:8      | Found a staircase to the Lair.
  2146 | D:8      | Reached skill level 7 in Dodging
  2278 | D:9      | Reached skill level 6 in Fighting
  2285 | D:9      | Reached **** piety under Cheibriados
  2286 | D:9      | Slain by a yak

Skill      XL: |  1  2  3  4  5  6  7  8  9 10 |
---------------+-------------------------------+-----
Spellcasting   | 5 6 7 |  7.4
Short Blades   | 1 2 3 4 5 |  5.4
Long Blades    | 1 2 3 4 5 |  5.4
Axes           | 1 2 3 4 5 |  5.4
Maces & Flails | 1 2 3 4 5 |  5.4
Polearms       | 1 2 3 4 5 |  5.4
Staves         | 1 2 3 4 5 |  5.4
Slings         | 1 2 3 4 5 |  5.4
Bows           | 1 2 3 4 5 |  5.4
Crossbows      | 1 2 3 4 5 |  5.4
Throwing       | 1 2 3 4 5 |  5.4
Armour         | 1 2 3 4 5 |  5.4
Stealth        | 1 2 3 4 5 |  5.4
Shields        | 1 2 3 4 5 |  5.4
Invocations    | 1 2 3 4 5 |  5.9
Evocations     | 1 2 3 4 5 |  5.4
Conjurations   | 1 2 3 4 |  4.4
Hexes          | 1 2 3 4 |  4.4
Charms         | 1 2 3 4 |  4.4
Summonings     | 1 2 3 4 |  4.4
Necromancy     | 1 2 3 4 |  4.4
Translocations | 1 2 3 4 |  4.4
Fire Magic     | 1 2 3 4 |  4.4
Ice Magic      | 1 2 3 4 |  4.4
Air Magic      | 1 2 3 4 |  4.4
Earth Magic    | 1 2 3 4 |  4.4
Poison Magic   | 1 2 3 4 |  4.4
Fighting       | 3 4 5 6 |  6.0
Transmutations | 4 5 |  5.9
Dodging        | 5 6 7 |  7.1
Unarmed Combat | 7 8 |  8.6

Action                   |  1- 3 |  4- 6 |  7- 9 | 10-12 || total
-------------------------+-------+-------+-------+-------++-------
Melee: Unarmed           |    68 |    92 |   191 |    66 ||   417
       Headbutt          |     7 |     1 |       |       ||     8
       Kick              |     4 |       |       |       ||     4
       Bite              |     3 |     2 |       |     7 ||    12
       Punch             |     1 |       |       |     2 ||     3
       Dagger            |       |       |       |     3 ||     3
Throw: Tomahawk          |       |       |     3 |       ||     3
 Cast: Beastly Appendage |    10 |     1 |       |       ||    11
       Sticks to Snakes  |     3 |     7 |    11 |     1 ||    22
       Spider Form       |     1 |    13 |    20 |     3 ||    37
       Blade Hands       |       |       |       |     5 ||     5
Invok: Bend Time         |       |       |     1 |       ||     1
Evoke: Wand              |       |       |       |     4 ||     4
  Use: Potion            |       |     4 |     6 |       ||    10
       Scroll            |       |     8 |     3 |       ||    11
 Stab: Sleeping          |     1 |     1 |     2 |     1 ||     5
       Distracted        |       |       |     1 |       ||     1
  Eat: Ration            |       |     1 |     1 |       ||     2
Armor: Robe              |     8 |     2 |       |       ||    10
       Skin              |       |     2 |     7 |       ||     9
       Leather armour    |       |       |     1 |     1 ||     2
Dodge: Dodged            |    42 |    64 |   197 |    52 ||   355

Table legend:
 A = Turns spent in this place as a percentage of turns spent in the entire game.
 B = Non-inter-level travel turns spent in this place as a percentage of non-inter-level travel turns spent in the entire game.
 C = Inter-level travel turns spent in this place as a percentage of turns spent in this place.
 D = Turns resting spent in this place as a percentage of non-inter-level travel turns spent in this place.
 E = Turns spent auto-exploring this place as a percentage of non-inter-level travel turns spent in this place.
 F = Non-inter-level travel turns spent in this place divided by the number of levels of this place that you've seen.
                   A       B       C       D       E      F
               +-------+-------+-------+-------+-------+----------------------
         Total | 100.0 | 100.0 |   0.4 |   0.0 |   0.0 | 227.6
       Dungeon |  99.0 |  99.4 |   0.0 |   0.0 |   0.0 | 251.4
        Temple |   1.0 |   0.6 |  43.5 |   0.0 |   0.0 |  13.0
               +-------+-------+-------+-------+-------+----------------------

Table legend:
 A = Kills in this place as a percentage of kills in entire the game.
 B = Kills by you in this place as a percentage of kills by you in the entire game.
 C = Kills by friends in this place as a percentage of kills by friends in the entire game.
 D = Other kills in this place as a percentage of other kills in the entire game.
 E = Experience gained in this place as a percentage of experience gained in the entire game.
 F = Experience gained in this place divided by the number of levels of this place that you have seen.
                   A       B       C       D       E      F
               +-------+-------+-------+-------+-------+----------------------
         Total | 100.0 | 100.0 | 100.0 |   N/A | 100.0 | 765.7
       Dungeon | 100.0 | 100.0 | 100.0 |   N/A | 100.0 | 850.8
               +-------+-------+-------+-------+-------+----------------------

Vault maps used:
D:1:      zelgadis_glass_arrival_small, minmay_splitting_lines
D:4:      temple_pool_b
D:5:      first_ration, vehumet_altar_wand_db
D:6:      lemuel_ice_spiral_2, grunt_qazlal_clouds, basic_altar, minivault_4
D:7:      cheibrodos_worm_habitat
D:8:      minmay_lair_entry_grove, grunt_pizzeria, nemelex_lonely_heart_becter
D:9:      st_stairs_12, eino_house_with_fridge
Temple:   compressed_dpeg_circular_temple
